 Dungeon Crawl Stone Soup version 0.28.0-43-g3370ac3207 (webtiles) character file.

Game seed: 11580044035915253773

121 Peloso the Covered (level 4, -4/41 HPs)
             Began as a Minotaur Fighter on Mar 14, 2022.
             Slain by Grinder (6 damage)
             ... while paralysed by Grinder
             ... on level 3 of the Dungeon.
             The game lasted 00:01:58 (2000 turns).

Peloso the Covered (Minotaur Fighter)               Turns: 2000, Time: 00:01:58

Health: -4/41      AC:  8    Str: 20    XL:     4   Next: 77%
Magic:  3/3        EV:  2    Int:  5    God:
Gold:   53         SH:  0    Dex: 12    Spells: 3/3 levels left

rFire   . . .      SeeInvis .   a - +0 long sword
rCold   . . .      Faith    .   c - +0 buckler
rNeg    . . .      Spirit   .   b - +0 scale mail
rPois   .          Reflect  .   (helmet restricted)
rElec   .          Harm     .   (no cloak)
rCorr   .          Rampage  .   h - +0 pair of gloves
Will    .....                   (no boots)
Stlth   ..........              (no amulet)
HPRegen 0.13/turn               (no ring)
MPRegen 0.08/turn               (no ring)

@: paralysed
A: horns 2, retaliatory headbutt
a: no special abilities


You were on level 3 of the Dungeon.
You visited 1 branch of the dungeon, and saw 3 of its levels.

You collected 53 gold pieces.

Inventory:

Hand Weapons
 a - a +0 long sword (weapon)
Armour
 b - a +0 scale mail (worn)
 c - a +0 buckler (worn)
 h - a +0 pair of gloves (worn)
Wands
 n - a wand of polymorph (6)
Scrolls
 e - a scroll of silence {unknown}
 j - a scroll of acquirement {unknown}
 k - a scroll of identify {unknown}
 m - a scroll of teleportation {unknown}
 o - a scroll of magic mapping {unknown}
Potions
 d - a potion of might
 f - 2 potions of magic {unknown}
 g - a potion of flight {unknown}
 i - a potion of cancellation {unknown}
 l - a potion of curing {unknown}


   Skills:
 + Level 4.4 Fighting
 + Level 3.8 Long Blades
 + Level 4.4 Armour
 + Level 1.7 Dodging
 + Level 0.1 Stealth
 + Level 4.0 Shields


You had 3 spell levels left.
You didn't know any spells.
Your spell library contained the following spells:

 Spells                   Type           Power      Damage    Failure   Level
 Ozocubu's Armour         Ice            0%         N/A       99%         3
 Airstrike                Air            0%         N/A       100%        4
 Summon Lightning Spire   Summ/Air       0%         N/A       100%        4
 Lightning Bolt           Conj/Air       0%         1d11      100%        5
 Ozocubu's Refrigeration  Ice            0%         4d5       100%        7


Dungeon Overview and Level Annotations

Branches:
Dungeon (3/15)

Altars:

Annotations:
D:3 Grinder


Innate Abilities, Weirdness & Mutations

You have a pair of horns on your head.
You reflexively headbutt those who attack you in melee.


Message History

You completely miss Grinder.
Grinder is lightly wounded.
Grinder gestures at you.
You shrug off the repeated paralysis!
You slash Grinder!
Grinder is moderately wounded.
Grinder hits you but does no damage.
You slash Grinder!
Grinder is severely wounded.
Grinder says, "You look like you could use a good racking."
Grinder gestures at you.
You suddenly lose the ability to move!
Grinder hits you.
You writhe in agony.
Grinder barely misses you. Grinder hits you!
Grinder hits you but does no damage. Grinder hits you.
You can move again.
You slash Grinder!
Grinder is severely wounded.
Grinder says, "Wait up."
Grinder hits you but does no damage.
You barely miss Grinder.
Grinder is severely wounded.
Grinder says, "Tell me all your secrets, or I'll kill you."
Grinder gestures at you.
You suddenly lose the ability to move!
Grinder gestures at you.
You shrug off the repeated paralysis!
Grinder hits you. Grinder gestures at you. Pain shoots through your body!
* * * LOW HITPOINT WARNING * * *
Grinder gestures at you.
You shrug off the repeated paralysis!
Grinder hits you.
* * * LOW HITPOINT WARNING * * *
Grinder hits you.
* * * LOW HITPOINT WARNING * * *
You writhe in agony.
You die...

##.. ≈P♣≈ ≈ #.... ≈≈≈≈..
#....♣ ≈P.P##
.P.≈P.♣##P#...#
..≈≈≈...P(.....# #
..P≈≈≈♣....##...# .#
..♣≈♣≈≈≈♣..##..# ... #
#.≈≈≈≈♣.P.##..# ....
#.#..≈≈≈≈≈..@5..## .....
#.#♣..≈≈♣..<##...##.....#
. ..♣..P..P#....../....#
#.#.#........#...####.##
#.#.##P....#.##.##
#.#.##..P♣##.##.#
#<>.[............
######..###..######.##
(..............# #$#


You could see Grinder.

Vanquished Creatures
  An orc priest (D:3)
  Jessica (D:3)
  An adder (D:3)
  A gnoll (D:1)
  A dart slug (D:1)
  4 orcs (D:3)
  5 ball pythons
  4 bats (D:1)
  6 endoplasms
  2 giant cockroaches (D:2)
  A goblin (D:1)
  4 hobgoblins (D:2)
  2 quokkas (D:2)
  A frilled lizard (D:1)
  4 kobolds
  3 rats (D:1)
41 creatures vanquished.

Vanquished Creatures (others)
  16 plants (D:3)
16 creatures vanquished.

Grand Total: 57 creatures vanquished

Notes
Turn   | Place    | Note
-------+----------+-------------------------------------------
     0 | D:1      | Peloso the Minotaur Fighter began the quest for the Orb.
     0 | D:1      | Reached XP level 1. HP: 19/19 MP: 0/0
    94 | D:1      | Reached XP level 2. HP: 24/27 MP: 1/1
   802 | D:2      | Reached XP level 3. HP: 33/33 MP: 2/2
   994 | D:2      | Found a faded altar of an unknown god.
  1564 | D:3      | Reached skill level 1 in Dodging
  1658 | D:3      | Noticed Jessica
  1668 | D:3      | Killed Jessica
  1669 | D:3      | Reached XP level 4. HP: 37/41 MP: 3/3
  1733 | D:3      | Noticed Grinder
  1983 | D:3      | Paralysed by Grinder for 2 turns
  1988 | D:3      | Paralysed by Grinder for 5 turns
  1994 | D:3      | Paralysed by Grinder for 7 turns
  2000 | D:3      | HP: 2/41 [Grinder (4)]
  2000 | D:3      | Slain by Grinder

Illustrated notes

Levels and vault maps discovered:
D:1:      nicolae_arrival_memento_mori, layout_rooms, minmay_misc_feat_tiny,
          serial_bayou_lagoon_a, dk_noncrumbling_3,
          chequers_serial_rivers_micro_c
D:2:      layout_basic, shapermc_ecumenical_altar_starsandcircs
D:3:      layout_loops_ring, serial_bayou, serial_bayou_pond_a,
          serial_bayou_pond_e, serial_bayou_shore_a, serial_bayou_crossing,
          serial_bayou_pond_c, serial_bayou_pond_e, uniq_grinder, uniq_jessica

Skill      XL: |  1  2  3 |
---------------+----------+-----
Armour         | 4 |  4.4
Fighting       | 4 |  4.4
Long Blades    | 3 |  3.8
Dodging        | 1 |  1.7
Shields        | 4 |  4.0
Stealth        | |  0.1

Action                   |  1- 3 |  4- 6 || total
-------------------------+-------+-------++-------
Melee: Long sword        |    72 |    31 ||   103
       Headbutt          |     8 |     6 ||    14
Armor: Scale mail        |    43 |     6 ||    49
Dodge: Dodged            |    35 |     5 ||    40
Block: Buckler           |    11 |     8 ||    19
